 Dungeon Sprint DCSS version 0.30.1-11-g7821555f0a (webtiles) character file.

Game seed: 15865973458391035126

36061 Heoruswealwe the Phalangite (level 13, -1/139 HPs)
             Began as a Minotaur Fighter on Dec 29, 2023.
             Was the Champion of the Shining One.
             Slain by a rockslime (2 damage)
             ... while paralysed by a floating eye
             ... in the Dungeon (Sprint V: "Ziggurat Sprint").
             The game lasted 00:39:09 (1987 turns).

Heoruswealwe the Phalangite (Minotaur Fighter)      Turns: 1987, Time: 00:39:09

Health: -1/139     AC: 27    Str: 46    XL:     13   Next: 51%
Magic:  12/12      EV:  2    Int:  8    God:    the Shining One [******]
Gold:   0          SH:  0    Dex: 11    Spells: 12/12 levels left

rFire   + . .        a - +8 lance "Wyrmbane" {slay drac, rPois rF+ rC+ AC+3}
rCold   + . .        d - +18 shield of the Gong {Loud rN+ Will+ rCorr EV-5}
rNeg    + + +        c - +15 Maxwell's patent armour {-Cast -Tele rElec Will+ rCorr}
rPois   +            (helmet restricted)
rElec   +            (no cloak)
rCorr   +            f - +1 pair of gloves {Str+3}
SInv    .            (no boots)
Will    ++...        i - amulet "Higauz" {Regen+ Str+6 Int+3} Stlth
                     k - +6 ring of strength
HPRegen 1.23/turn    j - +6 ring of strength
MPRegen 0.13/turn

%: no teleportation, no spellcasting
@: paralysed, mighty, corroded, hasted, glowing, studying Throwing
A: horns 2, retaliatory headbutt
a: Renounce Religion, Divine Shield, Cleansing Flame, Summon Divine Warrior


You were in the Dungeon.
You worshipped the Shining One.
The Shining One was exalted by your worship.
You visited 1 branch

Inventory:

Hand Weapons
 a - the +8 lance "Wyrmbane" (weapon) {slay drac, rPois rF+ rC+ AC+3}
   (You found it in the Dungeon)

   AC:        It affects your AC (+3).
   rF:        It protects you from fire.
   rC:        It protects you from cold.
   rPois:     It protects you from poison.
 b - the +12 glaive of Prune {freeze, Prune}
   (You found it in the Dungeon)

   Prune:     It halves damage taken while paralysed, petrified or unconscious.
 s - a +5 bardiche
 t - a +9 trishula of holy wrath
 x - the +10 morningstar "Eos" {elec, Halo rElec}
   (You found it in the Dungeon)

   Halo:      It grants its wielder a halo, revealing invisible creatures and
   increasing accuracy against all within it other than the wielder.
   rElec:     It insulates you from electricity.
Armour
 c - the +15 Maxwell's patent armour (worn) {-Cast -Tele rElec Will+ rCorr}
   (You found it in the Dungeon)

   rElec:     It insulates you from electricity.
   -Cast:     It prevents spellcasting.
   -Tele:     It prevents most forms of teleportation.
   rCorr:     It protects you from acid and corrosion.
   Will:      It increases your willpower.
 d - the +18 shield of the Gong (worn) {Loud rN+ Will+ rCorr EV-5}
   (You found it in the Dungeon)

   Loud:      It is deafeningly noisy when blocking attacks.
   EV:        It affects your evasion (-5).
   rN:        It protects you from negative energy.
   rCorr:     It protects you from acid and corrosion.
   Will:      It increases your willpower.
 f - a +1 pair of gloves of strength (worn)
 r - +9 gold dragon scales
Jewellery
 i - the amulet "Higauz" (around neck) {Regen+ Str+6 Int+3}
   (You found it in the Dungeon)

   [amulet of regeneration]

   Str:       It affects your strength (+6).
   Int:       It affects your intelligence (+3).
   Regen:     It increases your rate of health regeneration.
 j - a +6 ring of strength (right hand)
 k - a +6 ring of strength (left hand)
Wands
 h - a wand of mindburst (19)
 l - a wand of paralysis (13)
 p - a wand of quicksilver (18)
 v - a wand of flame (26)
 w - a wand of polymorph (27)
 y - a wand of roots (12)
 z - a wand of digging (2)
Scrolls
 m - 5 scrolls of identify
 q - 4 scrolls of blinking
Potions
 e - 10 potions of curing
 g - 3 potions of haste
 n - 3 potions of might
 o - 3 potions of resistance
 u - 2 potions of berserk rage
 A - 2 potions of heal wounds
Miscellaneous
 B - a tin of tremorstones (2/2)
 C - a phial of floods


   Skills:
 + Level 20.0 Fighting
 * Level 26.8 Polearms
 + Level 20.0 Armour
 + Level 20.0 Shields


You had 12 spell levels left.
You didn't know any spells.
Your spell library contained the following spells:

 Spells                   Type           Power      Damage    Failure   Level
 Foxfire                  Conj/Fire      0%         2x1d4     77%         1
 Freeze                   Ice            0%         1d3       77%         1
 Necrotise                Necr           0%         1d4       77%         1
 Slow                     Hex            0%         N/A       77%         1
 Sting                    Tmut/Pois      0%         1d3       77%         1
 Cigotuvi's Dreadful Rot  Necr/Pois/Air  0%         N/A       88%         2
 Sublimation of Blood     Necr           0%         N/A       88%         2
 Call Canine Familiar     Summ           0%         N/A       98%         3
 Frozen Ramparts          Ice            0%         1d1       98%         3
 Hailstorm                Conj/Ice       0%         3d3       98%         3
 Portal Projectile        Hex/Tloc       0%         N/A       98%         3
 Vampiric Draining        Necr           0%         2d6       98%         3
 Animate Armour           Summ/Erth      0%         N/A       100%        4
 Animate Dead             Necr           0%         N/A       100%        4
 Cause Fear               Hex            0%         N/A       100%        4
 Flame Wave               Conj/Fire      0%         2d4       100%        4
 Ice Form                 Ice/Tmut       0%         N/A       100%        4
 Leda's Liquefaction      Hex/Erth       0%         N/A       100%        4
 Petrify                  Tmut/Erth      0%         N/A       100%        4
 Summon Ice Beast         Ice/Summ       0%         N/A       100%        4
 Agony                    Necr           0%         N/A       100%        5
 Blade Hands              Tmut           0%         N/A       100%        5
 Fireball                 Conj/Fire      0%         3d3       100%        5
 Irradiate                Conj/Tmut      0%         3d11      100%        5
 Iskenderun's Battlesphe  Conj           0%         2d6       100%        5
 Summon Mana Viper        Hex/Summ       0%         N/A       100%        5
 Conjure Ball Lightning   Conj/Air       0%         3x3d6     100%        6
 Iron Shot                Conj/Erth      0%         9d1       100%        6
 Plasma Beam              Fire/Air       0%         2x1d11    100%        6
 Simulacrum               Ice/Necr       0%         N/A       100%        6
 Starburst                Conj/Fire      0%         6d3       100%        6
 Dragon Form              Tmut           0%         N/A       100%        7
 Haunt                    Necr/Summ      0%         N/A       100%        7
 Monstrous Menagerie      Summ           0%         N/A       100%        7
 Orb of Destruction       Conj           0%         9d5       100%        7
 Spellforged Servitor     Conj/Summ      0%         N/A       100%        7
 Infestation              Necr           0%         N/A       100%        8
 Death's Door             Necr           0%         N/A       100%        9
 Dragon's Call            Summ           0%         N/A       100%        9


Dungeon Overview and Level Annotations

Branches:
Dungeon (1/1)

Altars:
Ashenzari
Cheibriados
Dithmenos
Elyvilon
Fedhas
Gozag
Hepliaklqana
Kikubaaqudgha
Makhleb
Nemelex Xobeh
Okawaru
Qazlal
Ru
Sif Muna
Trog
Uskayaw
Vehumet
Wu Jian
Xom
Yredelemnul
Zin
The Shining One
Jiyva
Lugonu


Innate Abilities, Weirdness & Mutations

You have a pair of horns on your head.
You reflexively headbutt those who attack you in melee.


Message History

The great orb of eyes bites you but does no damage.
You feel very mighty all of a sudden. The acid blob spits acid at you.
You block the splash of acid.
BONNNG!
Unknown command.
You feel much better. You block the rockslime's attack.
SHROANNG!
An eye of devastation comes into view.
The floating eye gazes piercingly through you!
You suddenly lose the ability to move!
The great orb of eyes gazes at you. You resist with almost no effort.
Two slime creatures merge to form a very large slime creature.
The acid blob hits you!
You are splashed with acid.
You resist. The rockslime hits you!!
* * * LOW HITPOINT WARNING * * *
You hold your ground!
An eye of devastation comes into view.
The acid blob hits you!
* * * LOW HITPOINT WARNING * * *
You are splashed with acid.
You resist.
* * * LOW HITPOINT WARNING * * *
The great orb of eyes bites you but does no damage.
A shining eye comes into view.
The rockslime hits you!! The Shining One protects you from harm!
You hold your ground!
The acid blob hits you but does no damage.
The floating eye seems to glare at you. The great orb of eyes bites you.
* * * LOW HITPOINT WARNING * * *
The rockslime hits you. The Shining One protects you from harm!
You hold your ground!
The acid blob spits acid at you. The splash of acid hits you. You resist.
* * * LOW HITPOINT WARNING * * *
The acid corrodes you! The rockslime hits you.
You die...

▓.............▓...........▓▓.)
▓.......G.....▓...........▓▓..
▓.............▓...........▓▓..
▓.............▓...........▓▓▓▓
▓.......▓GG▓..▓.....▓..▓..8 ▓
▓▓.....▓▓▓G▓.........††▓...
▓..▓......G▓JG▓.....©.....▓...
▓..........JJG▓▓▓▓▓▓▓▓▓▓▓▓▓...
▓......©...JJ@▓....8©8....▓..†
▓▓▓▓▓▓▓▓▓▓▓▓▓▓▓...|).|....▓.▓.
▓...["=)".".▓...
▓...........▓▓▓▓
▓...........▓...
▓...........▓..)
▓...........▓...
▓..▓.....▓..▓...
▓.▓▓▓...▓▓▓.▓...


You could see an acid blob, 2 great orbs of eyes, a very large slime creature, a
slime creature, a rockslime, 2 shining eyes, an eye of devastation, a floating
eye (charged) and an endoplasm.

Vanquished Creatures
  A tentacled starspawn (D)
  A frost giant (D)
  An emperor scorpion (D)
  2 fire giants (D)
  3 balrugs (D)
  2 ironbound preservers (D)
  A spark wasp (D)
  A merfolk impaler (D)
  2 entropy weavers (D)
  3 vault guards (D)
  3 salamander tyrants (D)
  2 hydras (D)
  A stoker (D)
  A boulder beetle (D)
  3 dancing weapons (D)
  A merfolk aquamancer (D)
  3 naga warriors (D)
  2 hell hogs (D)
  A wretched star (D)
  A deep elf knight (D)
  A pharaoh ant (D)
  A deep elf archer (D)
  A wizard (D)
  3 deep elf zephyrmancers (D)
  2 deep elf pyromancers (D)
  2 ironbound convokers (D)
  2 elephants (D)
  A wolf spider (D)
  2 cyclopes (D)
  2 draconians (D)
  A guardian serpent (D)
  A demonic crawler (D)
  4 cane toads (D)
  2 naga magi (D)
  A tormentor (D)
  A rime drake (D)
  A komodo dragon (D)
  4 merfolk (D)
  A wind drake (D)
  2 hornets (D)
  A blink frog (shapeshifter) (D)
  5 air elementals (D)
  A wyvern (D)
  A yak (D)
  A basilisk (D)
  2 nagas (D)
  5 water moccasins (D)
  3 orc warriors (D)
  3 wolves (D)
  2 centaurs (D)
  5 bullfrogs (D)
  3 orc priests (D)
  3 orc wizards (D)
  4 adders (D)
  4 orcs (D)
  6 ball pythons (D)
119 creatures vanquished.

Vanquished Creatures (others)
  A fire giant (D)
1 creature vanquished.

Grand Total: 120 creatures vanquished

Notes
Turn   | Place    | Note
-------+----------+-------------------------------------------
     0 | D        | Heoruswealwe the Minotaur Fighter began the quest for the
                  | Orb.
     0 | D        | Reached XP level 1. HP: 19/19 MP: 0/0
     0 | D        | Found a shimmering blue altar of Sif Muna.
     0 | D        | Found a bloodstained altar of Trog.
     0 | D        | Found a sacrificial altar of Ru.
     0 | D        | Found a stormy altar of Qazlal.
     0 | D        | Found an iron altar of Okawaru.
    25 | D        | Became a worshipper of the Shining One
    32 | D        | Found a sparkling altar of Nemelex Xobeh.
    32 | D        | Found a blossoming altar of Fedhas.
    32 | D        | Found the +6 Majin-Bo {spellvamp, MP+6 Int+6}
    32 | D        | Found the +27 heavy crossbow "Sniper" {heavy, Acc+∞ SInv}
    32 | D        | Found the +10 dark maul {heavy}
    32 | D        | Found the +15 Maxwell's patent armour {-Cast -Tele rElec
                  | Will+ rCorr}
    32 | D        | Found the +18 shield of the Gong {Loud rN+ Will+ rCorr
                  | EV-5}
    32 | D        | Found the +16 obsidian axe {drain, demonic, Mesm Drain Fly
                  | SInv}
    32 | D        | Found the +7 great mace "Firestarter" {flame, immolate,
                  | rFlCloud rF++}
    32 | D        | Found the +6 shillelagh "Devastator" {shatter}
    32 | D        | Found the +11 plutonium sword {Contam Stlth-}
    32 | D        | Found the +8 lance "Wyrmbane" {slay drac, rPois rF+ rC+
                  | AC+3}
    32 | D        | Found the +9 sword of Zonguldrok {reap}
    32 | D        | Found the +13 scythe of Curses {drain, curses, Drain}
    32 | D        | Found the +9 sword of Power {lifebolt}
    32 | D        | Found the +7 mace of Variability {chaos, chaos arc}
    32 | D        | Found the +11 Singing Sword {sonic wave}
    32 | D        | Found the +8 storm bow {elec, penet}
    34 | D        | Found a transporter.
    34 | D        | Found an ancient bone altar of Kikubaaqudgha.
    34 | D        | Found a viscous altar of Jiyva.
    34 | D        | Found a corrupted altar of Lugonu.
    34 | D        | Found a hazy altar of Hepliaklqana.
    34 | D        | Found a burning altar of Makhleb.
    34 | D        | Found an opulent altar of Gozag.
   115 | D        | Reached skill level 5 in Fighting
   115 | D        | Reached skill level 6 in Polearms
   115 | D        | Reached skill level 5 in Armour
   115 | D        | Reached skill level 5 in Shields
   115 | D        | Reached XP level 2. HP: 29/29 MP: 1/1
   117 | D        | Entered arena 2.
   117 | D        | Noticed a draconian
   117 | D        | Noticed a draconian
   117 | D        | Found a transporter.
   126 | D        | Killed a draconian
   127 | D        | Reached skill level 11 in Polearms
   127 | D        | Reached XP level 3. HP: 29/41 MP: 2/2
   127 | D        | Reached XP level 4. HP: 35/49 MP: 3/3
   127 | D        | Reached XP level 5. HP: 40/56 MP: 4/4
   127 | D        | Reached XP level 6. HP: 44/62 MP: 5/5
   136 | D        | Killed a draconian
   137 | D        | Reached skill level 12 in Polearms
   137 | D        | Reached XP level 7. HP: 52/71 MP: 6/6
   196 | D        | Entered arena 3.
   196 | D        | Reached * piety under the Shining One
   196 | D        | Found a transporter.
   215 | D        | Entered arena 4.
   215 | D        | Noticed a +1 scimitar of venom
   215 | D        | Noticed a deep elf pyromancer
   215 | D        | Noticed a deep elf zephyrmancer
   215 | D        | Noticed a deep elf zephyrmancer
   215 | D        | Reached ** piety under the Shining One
   215 | D        | Found a transporter.
   226 | D        | Killed a +1 scimitar of venom
   227 | D        | Reached skill level 10 in Fighting
   227 | D        | Reached skill level 14 in Polearms
   227 | D        | Reached skill level 10 in Armour
   227 | D        | Reached skill level 10 in Shields
   227 | D        | Reached XP level 8. HP: 70/81 MP: 7/7
   230 | D        | Killed a deep elf zephyrmancer
   231 | D        | Reached skill level 15 in Polearms
   234 | D        | Killed a deep elf pyromancer
   235 | D        | Reached XP level 9. HP: 79/90 MP: 8/8
   238 | D        | Killed a deep elf zephyrmancer
   239 | D        | Reached skill level 16 in Polearms
   280 | D        | Entered arena 5.
   280 | D        | Found a transporter.
   301 | D        | Entered arena 6.
   301 | D        | Found a transporter.
   301 | D        | Paralysed by an air elemental for 1 turns
   305 | D        | Paralysed by an air elemental for 1 turns
   319 | D        | Reached skill level 17 in Polearms
   396 | D        | Entered arena 7.
   396 | D        | Found the +10 morningstar "Eos" {elec, Halo rElec}
   396 | D        | Reached *** piety under the Shining One
   397 | D        | Found a transporter.
   418 | D        | Got the amulet "Peonublu" {Faith rF+ Int+5 SInv}
   426 | D        | Entered arena 8.
   426 | D        | Reached **** piety under the Shining One
   427 | D        | Found a transporter.
   434 | D        | Reached ***** piety under the Shining One
   460 | D        | Got the Precepts of Undead Soot
   465 | D        | Entered arena 9.
   465 | D        | Noticed a deep elf zephyrmancer
   465 | D        | Noticed a deep elf knight
   465 | D        | Noticed a deep elf archer
   465 | D        | Noticed a deep elf pyromancer
   465 | D        | Noticed a +5 war axe of flaming
   465 | D        | Noticed a +4 long sword of holy wrath
   466 | D        | Found a transporter.
   467 | D        | Killed a +4 long sword of holy wrath
   468 | D        | Reached XP level 10. HP: 98/101 MP: 9/9
   472 | D        | Reached skill level 18 in Polearms
   472 | D        | Killed a +5 war axe of flaming
   478 | D        | Killed a deep elf archer
   482 | D        | Killed a deep elf zephyrmancer
   483 | D        | Reached skill level 19 in Polearms
   486 | D        | Killed a deep elf pyromancer
   489 | D        | Killed a deep elf knight
   575 | D        | Entered arena 10.
   575 | D        | Noticed an ironbound preserver
   575 | D        | Noticed a vault guard
   575 | D        | Noticed a vault guard
   575 | D        | Noticed a wizard
   575 | D        | Reached ****** piety under the Shining One
   575 | D        | Noticed an ironbound preserver
   575 | D        | Noticed an ironbound convoker
   575 | D        | Noticed an ironbound convoker
   575 | D        | Noticed a vault guard
   596 | D        | Killed a vault guard
   600 | D        | Killed an ironbound preserver
   601 | D        | Reached skill level 15 in Fighting
   601 | D        | Reached skill level 20 in Polearms
   601 | D        | Reached skill level 15 in Armour
   601 | D        | Reached skill level 15 in Shields
   601 | D        | Reached XP level 11. HP: 85/112 MP: 10/10
   605 | D        | Killed an ironbound preserver
   608 | D        | Killed a wizard
   616 | D        | Killed a vault guard
   618 | D        | Killed an ironbound convoker
   619 | D        | Reached skill level 21 in Polearms
   620 | D        | Noticed a tentacled starspawn
   620 | D        | Noticed a merfolk aquamancer
   620 | D        | Noticed a merfolk impaler
   621 | D        | Noticed a wretched star
   621 | D        | Noticed a frost giant
   629 | D        | Killed a vault guard
   631 | D        | Killed a tentacled starspawn
   637 | D        | Killed a wretched star
   641 | D        | Killed a frost giant
   642 | D        | Reached skill level 22 in Polearms
   647 | D        | Killed an ironbound convoker
   650 | D        | Killed a merfolk aquamancer
   660 | D        | Killed a merfolk impaler
   661 | D        | Reached XP level 12. HP: 34/124 MP: 8/11
   880 | D        | Identified a +9 trishula of holy wrath (a +9 demon trident
                  | blessed by the Shining One)
   880 | D        | Received a gift from the Shining One
   881 | D        | Found a transporter.
   895 | D        | Got Sif Muna's Information on Algor and Curses
   908 | D        | Entered arena 11.
   915 | D        | Found a transporter.
   929 | D        | Reached skill level 23 in Polearms
   948 | D        | Got the ring "Muuwueta" {Ice Int+2}
   994 | D        | Entered arena 12.
   994 | D        | Noticed a boulder beetle
   994 | D        | Noticed a spark wasp
   994 | D        | Noticed an entropy weaver
   994 | D        | Noticed an emperor scorpion
   994 | D        | Noticed an entropy weaver
  1009 | D        | Killed an entropy weaver
  1024 | D        | Killed a spark wasp
  1033 | D        | Killed an emperor scorpion
  1045 | D        | Reached skill level 24 in Polearms
  1052 | D        | Killed an entropy weaver
  1067 | D        | Killed a boulder beetle
  1210 | D        | Found a transporter.
  1229 | D        | Got the amulet of Zorrips {Reflect Will+ SH+5}
  1245 | D        | Entered arena 13.
  1350 | D        | Found a transporter.
  1381 | D        | Entered arena 14.
  1382 | D        | Noticed a naga warrior
  1382 | D        | Noticed a naga warrior
  1386 | D        | Noticed a naga warrior
  1401 | D        | Killed a naga warrior
  1412 | D        | Killed a naga warrior
  1413 | D        | Reached skill level 25 in Polearms
  1425 | D        | Killed a naga warrior
  1426 | D        | Reached XP level 13. HP: 106/136 MP: 12/12
  1560 | D        | Found a transporter.
  1572 | D        | Got the Discourse on Open Graves
  1586 | D        | Entered arena 15.
  1587 | D        | Noticed a balrug
  1587 | D        | Noticed a fire giant
  1587 | D        | Noticed a fire giant
  1587 | D        | Noticed a balrug
  1591 | D        | Noticed a fire giant
  1618 | D        | Killed a balrug
  1621 | D        | Identified the +9 hand axe of Glory {flame, Str+3}
  1621 | D        | Noticed a balrug
  1628 | D        | Killed a balrug
  1632 | D        | Killed a fire giant
  1634 | D        | Killed a fire giant
  1637 | D        | Reached skill level 26 in Polearms
  1639 | D        | Killed a fire giant
  1650 | D        | Killed a balrug
  1656 | D        | Found a transporter.
  1657 | D        | Found the +12 glaive of Prune {freeze, Prune}
  1692 | D        | Got the amulet "Higauz" {Regen+ Str+6 Int+3}
  1877 | D        | Entered arena 16.
  1925 | D        | Found a transporter.
  1931 | D        | Got the Almanac of Flame and the Coward
  1952 | D        | Entered arena 17.
  1955 | D        | Noticed an acid blob
  1955 | D        | Noticed a rockslime
  1973 | D        | Paralysed by a floating eye for 2 turns
  1978 | D        | Paralysed by a floating eye for 3 turns
  1984 | D        | Paralysed by a floating eye for 4 turns
  1985 | D        | HP: 6/139 [acid (4)]
  1986 | D        | The Shining One protects you from harm!
  1986 | D        | The Shining One protects you from harm!
  1987 | D        | HP: 1/139 [acid blob/splash of acid (4)]
  1987 | D        | Slain by a rockslime

Illustrated notes

Levels and vault maps discovered:
D:        sprint_v [room_start, room_1, room_2, room_3, room_4, room_5, room_6,
          room_7, room_8, room_9, room_10, room_11, room_12, room_13, room_14,
          room_15, room_16, room_17, room_18, room_19, room_20, room_21,
          room_22, room_23, room_24, room_25, room_26, room_27]

Skill      XL: |  1  2  3  4  5  6  7  8  9 10 11 12 13 |
---------------+----------------------------------------+-----
Fighting       | 5 8 9 10 11 13 15 16 18 20 | 20.0
Polearms       | 6 11 12 14 15 17 20 22 25 26 | 26.8
Armour         | 5 8 9 10 11 13 15 16 18 20 | 20.0
Shields        | 5 8 9 10 11 13 15 16 18 20 | 20.0

Action                     |  1- 3 |  4- 6 |  7- 9 | 10-12 | 13-15 || total
---------------------------+-------+-------+-------+-------+-------++-------
  Melee: Lance             |     9 |    10 |    78 |   246 |   106 ||   449
         Headbutt          |     2 |     2 |     6 |    83 |    32 ||   125
 Invoke: Brand Weapon With |       |       |       |     1 |       ||     1
    Use: Potion            |     1 |       |       |     3 |    13 ||    17
         Scroll            |       |       |     4 |     4 |       ||     8
 Armour: Plate armour      |     5 |     2 |    47 |    50 |    27 ||   131
  Dodge: Dodged            |       |       |     4 |    12 |     7 ||    23
  Block: Kite shield       |     6 |     3 |    85 |   295 |    91 ||   480
         Reflection        |       |       |     2 |    17 |     1 ||    20
